 Dungeon Crawl Stone Soup version 0.21.0 (webtiles) character file.

47 Ivernyr the Shooter (level 3, -5/30 HPs)
             Began as a Centaur Hunter on Jan 6, 2018.
             Slain by a gnoll
             ... wielding a cursed -3 flail
              (7 damage)
             ... on level 2 of the Dungeon.
             The game lasted 00:06:09 (1699 turns).

Ivernyr the Shooter (Centaur Hunter)                Turns: 1699, Time: 00:06:10

Health: -5/30      AC:  4    Str: 14    XL:     3   Next: 48%
Magic:  3/3        EV: 10    Int: 10    God:
Gold:   64         SH:  0    Dex: 12    Spells: 2/2 levels left

rFire    + . .     SeeInvis .   a - +1 shortbow
rCold    + . .     Gourm    .   (shield currently unavailable)
rNeg     . . .     Faith    .   (no armour)
rPois    +         Spirit   .   (no helmet)
rElec    +         Reflect  .   (no cloak)
rCorr    +         Harm     .   b - +0 pair of gloves
MR       .....                  (no barding)
Stlth    +.........             (no amulet)
HPRegen  0.10/turn              (no ring)
MPRegen  0.08/turn              (no ring)

@: lethally poisoned (-5 -> -7), resistant, flying, very quick
A: large, hooves 3, agile 1, deformed body, speed 2, poison resistance, tough
skin 3
a: no special abilities


You were on level 2 of the Dungeon.
You were hungry.

You visited 1 branch of the dungeon, and saw 2 of its levels.

You collected 64 gold pieces.

Inventory:

Hand Weapons
 a - a +1 shortbow (weapon)
Missiles
 d - 35 arrows (quivered)
Armour
 b - a +0 pair of gloves (worn)
Scrolls
 e - 3 scrolls of remove curse {unknown}
 g - 5 scrolls of identify {unknown}
 h - a scroll of fear {unknown}
 j - a scroll of teleportation {unknown}
Comestibles
 f - 2 rations


   Skills:
 + Level 2.4 Fighting
 * Level 6.0 Bows
 + Level 1.8 Dodging
 - Level 0.4 Stealth
 + Level 1.1 Unarmed Combat


You had 2 spell levels left.
You didn't know any spells.

Dungeon Overview and Level Annotations

Branches:
Dungeon (2/15)

Altars:


Innate Abilities, Weirdness & Mutations

You have hooves in place of feet.
Armour fits poorly on your strangely shaped body.
You cover ground very quickly.
You have extremely tough skin. (AC +3)
You are agile. (Dex +2)
Your system is resistant to poisons. (rPois)


Message History

It was a potion of mutation.
You feel extremely strange.
You feel resistant to poisons.
You feel agile.
The goblin throws a stone.
The stone closely misses you.
The stone hits the gnoll but does no damage.
The gnoll barely misses you.
It was a potion of flight.
You feel very buoyant.
You fly up into the air.
The goblin throws a stone.
The stone hits you but does no damage.
It was a potion of resistance.
You feel protected. The gnoll closely misses you.
The goblin throws a stone.
The stone hits you but does no damage.
Firing (i - inventory):
d - 36 arrows (quivered)
Press: ? - help, Shift-Dir - straight line, f/p - gnoll
Aim: a gnoll, wielding a flail (heavily wounded)
You shoot an arrow. The arrow barely misses the gnoll.
* * * LOW HITPOINT WARNING * * *
You feel sick. The gnoll hits you with a flail!
You die...

......#.#.+####+.#..###
.........#........#..#
##.#...#..'########'..#
<....................#
.....######.#........### #.##
#....####....# #.# ###..# #.##.#
#.##########...####.#†..
#(>.(.g@.g...#.......†#.
##.#.#####.##########...####.#...
.(...())...# ##### #.##.#
.#.#######.# #.##.# #.# #.##.#
#.# #.##.# #.# #.##.# #.#
####.##.# #.# #....# .


You could see a gnoll and a goblin.

Vanquished Creatures
  2 gnolls (D:2)
  A worm (D:2)
  A dart slug (D:2)
  3 leopard geckos
  A giant cockroach (D:2)
  3 goblins
  2 hobgoblins (D:1)
  2 quokkas (D:2)
  3 bats (D:1)
  3 rats
21 creatures vanquished.

Notes
Turn   | Place    | Note
-------+----------+-------------------------------------------
     0 | D:1      | Ivernyr the Centaur Hunter began the quest for the Orb.
     0 | D:1      | Reached XP level 1. HP: 17/17 MP: 1/1
   556 | D:1      | Reached XP level 2. HP: 15/24 MP: 2/2
  1673 | D:2      | Reached skill level 1 in Unarmed Combat
  1673 | D:2      | Reached XP level 3. HP: 29/30 MP: 3/3
  1683 | D:2      | Reached skill level 6 in Bows
  1696 | D:2      | Gained mutation: Your system is resistant to poisons. (rPois) [potion of mutation]
  1696 | D:2      | Gained mutation: You are agile. (Dex +2) [potion of mutation]
  1699 | D:2      | Slain by a gnoll

Skill      XL: |  1  2  3 |
---------------+----------+-----
Unarmed Combat | 1 |  1.1
Bows           | 6 |  6.0
Fighting       | |  2.4
Dodging        | |  1.8
Stealth        | |  0.4

Action                   || total
-------------------------++-------
Melee: Unarmed           ||   126
       Kick              ||    15
 Fire: Shortbow          ||    25
  Use: Potion            ||     3
  Eat: Chunk             ||     1
Armor: Leather armour    ||    12
       Skin              ||    37
Dodge: Dodged            ||    79
